Map: Yellowjacket

Players

flashandfoul

  • Race: Zerg Zerg
  • League: Master
  • Spawn Location: 1:00

A.I. 1 (Very Easy)

  • Race: Zerg Zerg
  • Spawn Location: 3:00

A.I. 2 (Very Easy)

  • Race: Protoss Protoss
  • Spawn Location: 7:00

A.I. 3 (Very Easy)

  • Race: Zerg Zerg
  • Spawn Location: 9:00

VOD

Have the link to the VOD?

Description

Time

  • Played on: March 7, 2026, 8 p.m.
  • Length: 9:50
Show
View Real Time Build Order
Export as new Build Order

flashandfoul Zerg 

Build Orders: Hatch First, Roach Hydra 

Get SALT Encoding   

  6  0:00  Drone  
  13  0:08  Drone  
  14  0:14  Extractor, Drone  
  15  0:35  Hatchery  
  15  0:40  Extractor, Drone  
  15  0:46  Overlord  
  15  1:01  Spawning Pool  
  14  1:04  Drone  
  14  1:08  Drone  
  16  1:12  Drone  
  16  1:15  Drone  
  18  1:18  Extractor  
  17  1:27  Drone  
  18  1:36  Drone  
  19  1:47  Drone  
  19  1:49  Queen  
  19  1:50  Queen  
  24  1:56  Overlord  
  24  2:00  Drone  
  25  2:03  Drone  
  26  2:09  Drone x2  
  28  2:19  Drone x2  
  30  2:28  Lair  
  30  2:30  Drone x2  
  32  2:41  Overlord  
  32  2:42  Drone  
  33  2:46  Roach Warren  
  32  2:51  Drone  
  32  2:52  Drone  
  32  2:54  Evolution Chamber  
  32  2:56  Drone  
  32  2:57  Drone x2  
  36  2:59  Drone  
  36  3:01  Drone  
  36  3:04  Drone  
  39  3:06  Drone  
  39  3:10  Overlord  
  40  3:14  Extractor  
  40  3:15  Drone  
  40  3:16  Extractor  
  40  3:17  Drone  
  40  3:21  Zerg Missile Weapons Level 1  
  40  3:27  Drone x2  
  40  3:30  Drone x2  
  44  3:34  Drone  
  44  3:39  Spore Crawler  
  44  3:40  Glial Reconstitution  
  44  3:41  Spore Crawler  
  43  3:45  Drone x3  
  46  3:56  Hatchery  
  46  4:00  Overlord  
  46  4:02  Roach  
  47  4:05  Roach  
  47  4:08  Roach  
  51  4:14  Overlord x2  
  51  4:17  Overlord  
  51  4:21  Drone  
  52  4:26  Roach  
  52  4:29  Roach x2, Evolution Chamber  
  57  4:32  Roach  
  57  4:37  Queen  
  61  4:40  Roach  
  63  4:47  Roach x2  
  63  4:50  Roach x2  
  71  4:53  Roach  
  71  4:55  Roach  
  71  4:58  Roach  
  77  5:01  Overlord  
  77  5:03  Roach  
  79  5:09  Zerg Ground Armor Level 1  
  79  5:14  Zerg Missile Weapons Level 2  
  79  5:18  Drone x3  
  79  5:19  Drone  
  79  5:20  Drone  
  84  5:22  Drone  
  84  5:26  Overlord  
  84  5:27  Drone  
  86  5:32  Drone  
  86  5:33  Drone x2  
  86  5:34  Drone  
  90  5:35  Drone  
  90  5:38  Spore Crawler  
  90  5:39  Drone  
  91  5:43  Drone x2  
  91  5:44  Drone  
  91  5:47  Spine Crawler  
  91  5:49  Drone  
  94  5:50  Drone  
  94  5:53  Drone x2  
  94  5:54  Drone  
  98  6:01  Infestation Pit  
  98  6:02  Overlord  
  98  6:03  Hydralisk Den, Drone  
  97  6:12  Hatchery, Overlord  
  97  6:16  Extractor  
  97  6:17  Drone x3  
  98  6:18  Overlord  
  98  6:21  Overlord  
  98  6:22  Drone  
  98  6:25  Drone  
  100  6:26  Extractor x2, Drone  
  100  6:31  Overlord  
  100  6:32  Drone x3  
  102  6:33  Drone  
  102  6:35  Muscular Augments  
  103  6:41  Hive  
  103  6:42  Drone  
  103  6:44  Drone  
  103  6:45  Drone x2  
  108  6:54  Drone x4  
  108  6:56  Drone x2  
  108  6:59  Queen  
  108  7:00  Overlord  
  115  7:01  Drone  
  115  7:02  Drone  
  115  7:03  Drone  
  115  7:07  Zerg Ground Armor Level 2  
  118  7:09  Drone  
  118  7:13  Drone x3  
  123  7:15  Drone x2  
  123  7:16  Extractor  
  123  7:17  Drone  
  123  7:18  Drone  
  123  7:19  Extractor  
  123  7:22  Drone  
  125  7:23  Drone  
  125  7:26  Drone x2  
  128  7:34  Overlord x2, Hydralisk  
  128  7:35  Hydralisk x3  
  136  7:38  Hydralisk x2  
  136  7:39  Grooved Spines  
  136  7:42  Hydralisk x2  
  144  7:54  Spore Crawler, Drone  
  144  7:56  Spine Crawler  
  144  7:58  Hydralisk x7  
  145  8:02  Drone x4  
  161  8:07  Evolution Chamber  
  161  8:08  Evolution Chamber  
  161  8:10  Overlord  
  161  8:11  Evolution Chamber x2  
  157  8:17  Viper x2  
  157  8:18  Viper  
  166  8:20  Viper  
  166  8:24  Overlord x2  
  166  8:25  Overlord  
  169  8:27  Hydralisk  
  169  8:32  Hydralisk x3  
  177  8:35  Queen  
  177  8:38  Hydralisk  
  177  8:39  Hydralisk  
  183  8:42  Hydralisk x2  
  183  8:44  Hydralisk  
  183  8:45  Hydralisk  
  191  8:48  Hydralisk  
  191  8:49  Hydralisk  
  191  8:52  Hydralisk x2  
  199  9:16  Hatchery  
  198  9:22  Hatchery  
  199  9:41  Hatchery  
Show
View Real Time Build Order
Export as new Build Order

A.I. 1 (Very Easy) Zerg 

Build Orders: Pool First 

Get SALT Encoding   

  6  0:01  Drone  
  13  0:12  Overlord  
  13  0:17  Drone  
  14  0:37  Spawning Pool  
  14  0:38  Extractor  
  14  0:40  Drone  
  13  0:47  Drone  
  14  0:55  Overlord  
  14  1:24  Zergling x2  
  15  1:26  Queen  
  17  1:44  Roach Warren  
  16  1:48  Drone  
  16  1:50  Zergling x2  
  16  1:52  Extractor  
  17  1:59  Drone  
  18  2:16  Zergling x2  
  18  2:20  Drone  
  20  2:27  Drone  
  21  2:35  Drone  
  22  2:41  Roach  
  24  2:46  Overlord  
  24  2:52  Drone  
  25  2:59  Drone  
  26  3:07  Drone  
  27  7:03  Drone, Lair  
  27  7:04  Overlord  
  28  7:10  Drone  
  28  7:13  Hatchery  
  28  7:17  Drone  
  29  7:25  Drone  
  29  7:27  Zergling x2  
  28  7:32  Drone  
  27  7:40  Drone  
  28  8:02  Overseer x2, Spire  
  27  8:26  Drone  
  28  8:28  Zergling x2  
  28  8:33  Drone  
  29  8:38  Extractor  
  29  8:40  Drone  
  29  8:41  Extractor  
  29  8:48  Drone  
  30  8:55  Drone  
  31  9:02  Drone  
  32  9:10  Drone  
  32  9:11  Mutalisk  
  34  9:17  Drone  
  35  9:24  Drone  
  36  9:31  Drone  
Show
View Real Time Build Order
Export as new Build Order

A.I. 2 (Very Easy) Protoss 

Build Orders:  

Get SALT Encoding   

  6  0:01  Probe  
  13  0:13  Probe  
  14  0:20  Pylon  
  14  0:36  Assimilator  
  14  0:43  Gateway  
  14  0:46  Pylon  
  14  1:13  Assimilator  
  14  1:23  Probe  
  14  1:24  Zealot  
  14  1:31  Probe  
  15  1:34  Cybernetics Core  
  18  1:41  Probe  
  19  1:53  Probe  
  20  2:00  Warp Gate  
  20  2:02  Probe  
  21  2:10  Probe  
  22  2:38  Stalker  
  24  6:58  Probe  
  24  7:04  Adept  
  24  7:06  Probe, Pylon  
  27  7:09  Robotics Facility  
  27  7:13  Nexus  
  27  7:14  Probe  
  28  7:22  Probe  
  30  7:30  Probe  
  30  7:33  Pylon  
  31  7:58  Observer  
  31  8:01  Stalker  
  30  8:16  Observer  
  31  8:26  Probe  
  32  8:32  Probe  
  32  8:38  Assimilator  
  32  8:39  Assimilator  
  33  8:42  Probe  
  33  8:45  Probe  
  35  8:56  Probe  
  35  8:59  Zealot  
  38  9:03  Probe  
  39  9:10  Probe  
  40  9:17  Probe  
  41  9:24  Probe  
  41  9:28  Probe  
  42  9:35  Probe  
Show
View Real Time Build Order
Export as new Build Order

A.I. 3 (Very Easy) Zerg 

Build Orders: Pool First 

Get SALT Encoding   

  6  0:01  Drone  
  13  0:12  Overlord  
  13  0:17  Drone  
  14  0:35  Spawning Pool  
  14  0:36  Extractor  
  14  0:40  Drone  
  13  0:47  Drone  
  14  0:53  Overlord  
  14  1:23  Zergling x2, Queen  
  17  1:36  Roach Warren  
  17  1:38  Extractor  
  15  1:42  Drone  
  16  1:49  Drone  
  16  1:50  Zergling x2  
  18  2:08  Drone  
  19  2:15  Drone  
  20  2:16  Zergling x2  
  21  2:25  Drone  
  22  2:34  Overlord  
  22  2:39  Drone  
  22  2:43  Roach  
  25  2:46  Drone  
  26  2:54  Drone  
  27  7:09  Drone  
  27  7:10  Roach  
  27  7:11  Lair  
  27  7:12  Overlord  
  30  7:16  Drone  
  31  7:23  Drone  
  31  7:26  Hatchery  
  30  7:31  Drone  
  31  7:38  Drone  
  32  7:46  Drone  
  32  7:50  Roach  
  31  8:09  Overseer x2  
  31  8:29  Zergling x2  
  32  8:39  Drone  
  33  8:46  Drone  
  34  8:52  Extractor  
  34  8:53  Drone  
  34  8:55  Extractor  
  33  9:00  Drone  
  34  9:08  Roach, Drone  
  37  9:16  Drone  
  38  9:23  Drone  
  39  9:30  Drone  
Tags
 
Add a new tag
Caveats
  • Supply blocks, unpowered buildings, or Contaminate may cause inaccurate times.
  • Supply counts are checked every 10 seconds.